 Dungeon Crawl Stone Soup version 0.29.1-15-g9cfb28693d (webtiles) character file.

Game seed: 12542596185162892188

138 protoss039 the Sneak (level 5, -2/26 HPs)
             Began as a Spriggan Enchanter on Mar 15, 2023.
             Slain by an orc
             ... wielding a +0 whip
              (4 damage)
             ... on level 4 of the Dungeon.
             The game lasted 00:06:43 (3404 turns).

protoss039 the Sneak (Spriggan Enchanter)           Turns: 3404, Time: 00:06:44

Health: -2/26      AC:  2    Str: 10    XL:     5   Next: 1%
Magic:  1/11       EV: 18    Int: 16    God:
Gold:   175        SH:  5    Dex: 18    Spells: 3/11 levels left

rFire   . . .      SeeInvis +   a - +1 dagger
rCold   . . .      Faith    .   (no shield)
rNeg    . . .      Spirit   .   b - +0 robe
rPois   .          Reflect  +   (helmet restricted)
rElec   .          Harm     .   (no cloak)
rCorr   .          Rampage  .   (gloves unavailable)
Will    .....                   (boots unavailable)
Stlth   +++.......              d - amulet of reflection
HPRegen 0.08/turn               f - +6 ring of strength
MPRegen 0.12/turn               g - ring of wizardry

@: very slightly contaminated, invisible, very quick
A: very small, no large weapons, unfitting armour, see invisible, speed 3
a: no special abilities


You were on level 4 of the Dungeon.
You visited 1 branch of the dungeon, and saw 4 of its levels.

You collected 175 gold pieces.

Inventory:

Hand Weapons
 a - a +1 dagger (weapon)
 y - a +1 short sword of protection
Armour
 b - a +0 robe (worn)
Magical Staves
 w - a staff of cold
Jewellery
 d - an amulet of reflection (around neck)
 f - a +6 ring of strength (left hand)
 g - a ring of wizardry (right hand)
 t - an amulet of guardian spirit
Wands
 v - a wand of iceblast (4)
Scrolls
 e - 2 scrolls of teleportation
 h - a scroll of enchant weapon {unknown}
 i - a scroll of enchant armour {unknown}
 k - a scroll of immolation
 n - 2 scrolls of noise {unknown}
 o - 4 scrolls of identify {unknown}
 p - a scroll of amnesia {unknown}
 r - 2 scrolls of poison {unknown}
 s - a scroll of fog {unknown}
 u - 2 scrolls of summoning {unknown}
Potions
 c - a potion of invisibility
 j - a potion of cancellation {unknown}
 l - a potion of mutation {unknown}
 m - 3 potions of haste {unknown}
 q - a potion of flight {unknown}
 x - a potion of brilliance {unknown}


   Skills:
 * Level 2.0 Fighting
 - Level 1.1 Short Blades
 + Level 3.7 Dodging
 + Level 5.3 Stealth
 + Level 3.5 Spellcasting
 + Level 4.2 Hexes
 + Level 0.5 Ice Magic


You had 3 spell levels left.
You knew the following spells:

 Your Spells              Type           Power      Damage    Failure   Level
a - Ensorcelled Hibernat  Hex/Ice        20%        N/A       4%          2
b - Confusing Touch       Hex            16%        N/A       3%          3
c - Tukima's Dance        Hex            16%        N/A       3%          3

Your spell library contained the following spells:

 Spells                   Type           Power      Damage    Failure   Level
 Dazzling Flash           Conj/Hex       18%        N/A       9%          3
 Spider Form              Tmut/Pois      2%         N/A       21%         3
 Yara's Violent Unravell  Hex/Tmut       4%         3d4       58%         5
 Blade Hands              Tmut           1%         N/A       86%         5
 Fireball                 Conj/Fire      1%         3d3       86%         5
 Iskenderun's Battlesphe  Conj           2%         2d6       86%         5
 Eringya's Noxious Bog    Tmut/Pois      1%         N/A       100%        6
 Iron Shot                Conj/Erth      1%         9d1       100%        6
 Starburst                Conj/Fire      1%         6d3       100%        6
 Spellforged Servitor     Conj/Summ      1%         N/A       100%        7
 Ignition                 Fire           1%         3d3       100%        8


Dungeon Overview and Level Annotations

Branches:
Dungeon (4/15) Zot: 21371
 Temple: D:4-7

Altars:


Innate Abilities, Weirdness & Mutations

You are very small and have problems with some larger weapons.
You are too small for most types of armour.
You have supernaturally acute eyesight. (SInv)
You cover ground extremely quickly. (Speed+++)


Message History

An orc wizard is nearby!
The orc shouts!
The orc wizard gestures at you while chanting.
The puff of flame hits you!
Ouch! That really hurt!
Casting: Ensorcelled Hibernation (safe; 4% risk of failure)
Confirm with . or Enter, or press ? or * to list all spells.
Aiming: Ensorcelled Hibernation (safe; 4% risk of failure)
Press: ? - help, Shift-Dir - straight line, f - orc wizard
Aim: an orc wizard, wielding a +0 dagger and wearing a +0 robe (slightly transparent, chance to affect: 44%)
The orc wizard resists with some effort.
The orc wizard misses you.
Unknown command.
Casting: Ensorcelled Hibernation (safe; 4% risk of failure)
Confirm with . or Enter, or press ? or * to list all spells.
Aiming: Ensorcelled Hibernation (safe; 4% risk of failure)
Press: ? - help, Shift-Dir - straight line, f/p - orc wizard
Aim: an orc wizard, wielding a +0 dagger and wearing a +0 robe (slightly transparent, chance to affect: 44%)
The orc wizard resists with some effort.
The orc wizard hits you with a +0 dagger.
* * * LOW HITPOINT WARNING * * *
Unknown command.
Casting: Ensorcelled Hibernation (safe; 4% risk of failure)
Confirm with . or Enter, or press ? or * to list all spells.
Aiming: Ensorcelled Hibernation (safe; 4% risk of failure)
Press: ? - help, Shift-Dir - straight line, f/p - orc wizard
Aim: an orc wizard, wielding a +0 dagger and wearing a +0 robe (slightly transparent, chance to affect: 44%)
You miscast Ensorcelled Hibernation.
You are very lightly contaminated with residual magic.
Nothing appears to happen.
The orc wizard hits you with a +0 dagger.
* * * LOW HITPOINT WARNING * * *
Unknown command.
Okay, then.
You fade into invisibility!
Unknown command.
Okay, then.
You hit the orc wizard but do no damage.
The orc hits you with a +0 whip.
You die...

#........#...............
#........................
#........#...............
##...#...#....#..........
#...##..#...............
######.##...............
##...#................
#...o.............##..
#...o@.)..........#
#...#####.........###
#...........(#.<....#
#.#...#...#........##
#.#.......#.........#
#.#...#.#o#.#.#.....# #
.......)#.....#.....
........#...#.......
##..................


You could see an orc wizard (invisible, unable to see you) and an orc (unable to
see you).

Vanquished Creatures
  6 adders
  A worm (D:3)
  3 dart slugs (D:1)
  4 orcs
  7 ball pythons
  4 bats
  6 endoplasms
  A giant cockroach (D:3)
  3 goblins
  6 hobgoblins
  14 jackals
  2 quokkas (D:1)
  2 frilled lizards
  6 kobolds
  3 rats
68 creatures vanquished.

Vanquished Creatures (others)
  2 plants (D:2)
2 creatures vanquished.

Grand Total: 70 creatures vanquished

Notes
Turn   | Place    | Note
-------+----------+-------------------------------------------
     0 | D:1      | protoss039 the Spriggan Enchanter began the quest for the
                  | Orb.
     0 | D:1      | Reached XP level 1. HP: 9/9 MP: 5/5
   252 | D:1      | Reached XP level 2. HP: 10/14 MP: 6/6
   275 | D:1      | Learned a level 2 spell: Ensorcelled Hibernation
   599 | D:1      | Reached skill level 1 in Fighting
   623 | D:1      | Found a faded altar of an unknown god.
  1166 | D:2      | Reached XP level 3. HP: 18/18 MP: 3/8
  1420 | D:2      | Reached skill level 5 in Stealth
  1662 | D:2      | Reached XP level 4. HP: 22/22 MP: 6/9
  2395 | D:2      | Learned a level 3 spell: Confusing Touch
  2399 | D:2      | Learned a level 3 spell: Tukima's Dance
  3152 | D:3      | Got the Collected Works on Permutations
  3392 | D:4      | Reached XP level 5. HP: 21/26 MP: 6/11
  3404 | D:4      | Slain by an orc

Illustrated notes

Levels and vault maps discovered:
D:1:      reono_arrival_mine, layout_basic, hellmonk_ecumenical_altar_blasted,
          minmay_octomino_e4
D:2:      layout_rooms, serial_rivers, chequers_serial_rivers_marsh,
          chequers_serial_rivers_large_b, chequers_serial_rivers_room_b,
          chequers_serial_rivers_micro_d, chequers_serial_rivers_small_a,
          minmay_shallow_snake_nest
D:3:      layout_rooms, minmay_misc_feat_cross, chequers_serial_rivers_micro_c,
          grunt_ministairs_6
D:4:      layout_cave_pools, mainiacjoe_overflow_six_doors_small,
          nicolae_ossuary_entry_giza, gammafunk_ghost_smash,
          hangedman_decor_lopped, lightli_corner_chamber

Skill      XL: |  1  2  3  4 |
---------------+-------------+-----
Spellcasting   | 3 |  3.5
Dodging        | 3 |  3.7
Fighting       | 1 2 |  2.0
Stealth        | 5 |  5.3
Hexes          | 4 |  4.2
Short Blades   | |  1.1
Ice Magic      | |  0.5

Action                   |  1- 3 |  4- 6 || total
-------------------------+-------+-------++-------
Melee: Dagger            |    61 |    55 ||   116
 Cast: Ensorcelled Hiber |    27 |    42 ||    69
  Use: Scroll            |       |     1 ||     1
       Potion            |       |     1 ||     1
 Stab: Sleeping          |    28 |    28 ||    56
       Distracted        |       |     1 ||     1
Armor: Robe              |     2 |     4 ||     6
Dodge: Dodged            |    39 |    57 ||    96
Block: Other             |     5 |    19 ||    24
